 Dungeon Crawl Stone Soup version 0.31-a0-152-g6aa68a64a1 (webtiles) character file.

Game seed: 16766982837387861480

56 qw the Shooter (level 3, -3/31 HPs)
             Began as a Minotaur Hunter on June 9, 2023.
             Killed by divine providence
             ... invoked by an orc priest
              (8 damage)
             ... on level 3 of the Dungeon.
             The game lasted 00:00:34 (1244 turns).

qw the Shooter (Minotaur Hunter)                    Turns: 1244, Time: 00:00:34

Health: -3/31      AC:  3    Str: 15    XL:     3   Next: 69%
Magic:  0/2        EV: 12    Int:  6    God:
Gold:   44         SH:  0    Dex: 15    Spells: 2/2 levels left

rFire   . . .        Y - +1 shortbow
rCold   . . .        (shield currently unavailable)
rNeg    . . .        c - +0 leather armour
rPois   .            (helmet restricted)
rElec   .            (no cloak)
rCorr   +            (no gloves)
SInv    +            (no boots)
Will    .....        b - amulet of guardian spirit
Stlth   +            a - ring of see invisible
HPRegen 0.25/turn    k - ring of resist corrosion
MPRegen 0.08/turn

%: guardian spirit
@: no status effects
A: horns 2, retaliatory headbutt
a: no special abilities


You were on level 3 of the Dungeon.
You visited 1 branch of the dungeon, and saw 3 of its levels.

You collected 108 gold pieces.
You spent 64 gold pieces at shops.


Innate Abilities, Weirdness & Mutations

You have a pair of horns on your head.
You reflexively headbutt those who attack you in melee.


   Skills:
 - Level 3.0 Fighting
 + Level 5.7 Ranged Weapons
 - Level 2.1 Dodging
 - Level 0.7 Stealth


You had 2 spell levels left.
You didn't know any spells.
Your spell library was empty.

Inventory:

Hand Weapons
 Y - a +1 shortbow (weapon)
Armour
 c - a +0 leather armour (worn)
Jewellery
 a - a ring of see invisible (left hand)
 b - an amulet of guardian spirit (around neck)
 k - a ring of resist corrosion (right hand)
Potions
 d - a potion of magic {unknown}
 e - a potion of cancellation {unknown}
 f - a potion of curing
 h - a potion of heal wounds {unknown}

Dungeon Overview and Level Annotations

Branches:
Dungeon (3/15)

Altars:
Zin

Shops:
D:1 :   D:2 *


Message History

Done exploring.
(D) Dungeon
Where to? (* - list waypoints, Enter - D:2, ? - help)
What level of the Dungeon? (default 1, ? - help)
There is a stone staircase leading down here.
You climb downwards.
There is a stone staircase leading up here.
A rat is nearby!
Waypoint 2 assigned to D:3.
You shoot an arrow. The arrow hits the rat!
You kill the rat!
There is a stone staircase leading up here.
An orc and 2 orc priests come into view.
The orc is wielding a +2 dagger of flaming.
1234 ||| Stepping ~*~*~tactically~*~*~ (outnumbered).
The orc priest shouts!
You hear a shout!
The orc priest mumbles some strange prayers to Beogh against you.
Pain shoots through your body!
1236 ||| Stepping ~*~*~tactically~*~*~ (outnumbered).
You start resting.
An orc priest is nearby!
You shoot an arrow.
The arrow closely misses the orc priest.
The orc priest invokes the aid of Beogh against you.
Beogh smites you!
You shoot an arrow.
The arrow closely misses the orc priest.
You shoot an arrow. The arrow hits the orc priest!
The orc priest is heavily wounded.
The orc priest invokes the aid of Beogh against you.
Beogh smites you!
You shoot an arrow. The arrow hits the orc priest.
The orc priest is severely wounded.
You shoot an arrow.
The arrow hits the orc but does no damage.
You shoot an arrow. The arrow barely misses the orc.
The arrow hits the orc priest.
The orc priest is severely wounded.
The orc priest invokes the aid of Beogh against you.
Beogh smites you!
You die...

PP..# PP..# o#
PP..# o#
PP..#####.# .# P
PP........# o#
P..PP..####### .#
P..PP..<# .#
.P.......########o#
...............@.o#
####...#.......o###
#.#.#.......##
#.#.#.......#
#.#.#.......#
#.#.......#
#.####### #.#


You could see 2 orc priests and an orc.

Vanquished Creatures
  2 worms (D:2)
  2 dart slugs
  5 bats
  3 endoplasms
  5 giant cockroaches
  4 goblins
  A hobgoblin (D:1)
  5 jackals (D:1)
  3 kobolds
  A quokka (D:2)
  7 ball pythons
  2 frilled lizards (D:2)
  2 rats
42 creatures vanquished.

Notes
Turn   | Place    | Note
-------+----------+-------------------------------------------
     0 | D:1      | qw the Minotaur Hunter began the quest for the Orb.
     0 | D:1      | Reached XP level 1. HP: 18/18 MP: 0/0
     0 | D:1      | 0 ||| qw: Version: 0.2-a-122-gbc61b45
     0 | D:1      | 0 ||| qw: Game counter: 3261
     0 | D:1      | 0 ||| qw: Always use a shield: true
     0 | D:1      | 0 ||| qw: God list: Okawaru
     0 | D:1      | 0 ||| qw: Allow faded altars: false
     0 | D:1      | 0 ||| qw: Do Orc after D:15 true
     0 | D:1      | 0 ||| qw: Do second Lair branch before Depths: true
     0 | D:1      | 0 ||| qw: Lair rune preference: random
     0 | D:1      | 0 ||| qw: Plans: Normal
     0 | D:1      | 0 ||| PLANNING D:1-11
    91 | D:1      | Found Kufah's Vocational Training.
   130 | D:1      | Reached XP level 2. HP: 20/25 MP: 1/1
   132 | D:1      | Reached skill level 5 in Ranged Weapons
   245 | D:1      | Reached skill level 3 in Fighting
   252 | D:1      | 252 ||| FLEEEEING.
   253 | D:1      | 253 ||| FLEEEEING.
   395 | D:1      | Reached XP level 3. HP: 31/31 MP: 2/2
   550 | D:1      | 550 ||| READING scroll labelled RODAMPAOVI.
   551 | D:1      | 551 ||| DROPPING scroll of butterflies.
   861 | D:2      | Found Wuipyjopi's Assorted Antiques.
   865 | D:2      | Found a glowing silver altar of Zin.
   870 | D:2      | 870 ||| BUYING fluorescent wand (64 gold).
   870 | D:2      | Bought a fluorescent wand for 64 gold pieces
   870 | D:2      | 870 ||| SHOPLISTING fuming coppery potion (14 gold, have
                  | 3).
   870 | D:2      | 870 ||| SHOPLISTING scroll labelled PULIAPL ZEIRR (16 gold,
                  | have 3).
   870 | D:2      | 870 ||| SHOPLISTING scroll of enchant weapon (120 gold,
                  | have 3).
   870 | D:2      | 870 ||| SHOPLISTING tubular granite ring (80 gold, have 3).
  1200 | D:2      | 1200 ||| UPGRADING to amulet of guardian spirit.
  1205 | D:2      | 1205 ||| UPGRADING to ring of see invisible.
  1206 | D:2      | 1206 ||| UPGRADING to ring of resist corrosion.
  1207 | D:2      | 1207 ||| READING scroll labelled PULIAPL ZEIRR.
  1208 | D:2      | 1208 ||| READING scroll labelled CIJUQI ZOCSEC.
  1212 | D:2      | 1212 ||| DRINKING 2 fizzy green potions.
  1213 | D:2      | 1213 ||| DROPPING wand of mindburst (12).
  1234 | D:3      | 1234 ||| Stepping ~*~*~tactically~*~*~ (outnumbered).
  1236 | D:3      | 1236 ||| Stepping ~*~*~tactically~*~*~ (outnumbered).
  1241 | D:3      | HP: 5/31 [orc priest/divine providence (8)]
  1244 | D:3      | Killed from afar by an orc priest

Levels and vault maps discovered:
D:1:      scummos_arrival_gate, layout_basic, nicolae_shop_vocational
D:2:      layout_loops_cross, serial_shops, shop, basic_altar,
          minmay_misc_feat_plants
D:3:      layout_basic, mainiacjoe_overflow_chevrons,
          chequers_ecumenical_altar_simple_redux, serial_shops, shop,
          minmay_puff

Skill      XL: |  1  2 |
---------------+-------+-----
Ranged Weapons | 5 |  5.7
Fighting       | 3 |  3.0
Dodging        | |  2.1
Stealth        | |  0.7

Action                     || total
---------------------------++-------
   Fire: Shortbow          ||   123
    Use: Scroll            ||     3
         Potion            ||     1
 Armour: Leather armour    ||    14
  Dodge: Dodged            ||    43

Table legend:
 A = Non-vault XP
 B = Vault XP
 C = Vault XP percentage of total XP
 D = Non-vault monster count
 E = Vault monster count
 F = Vault count percentage of total count
                 A         B        C        D         E       F
            +---------+---------+-------+---------+---------+-------
      Total |      80 |       0 |   0.0 |      42 |       0 |   0.0
            +---------+---------+-------+---------+---------+-------
        D:1 |      46 |       0 |   0.0 |      26 |       0 |   0.0
        D:2 |      33 |       0 |   0.0 |      15 |       0 |   0.0
        D:3 |       1 |       0 |   0.0 |       1 |       0 |   0.0
            +---------+---------+-------+---------+---------+-------
